 Dungeon Crawl Stone Soup version 0.32-a0-314-g526f7d4993 (webtiles) character file.

Game seed: 667260400332293449

599 zenocrate the Grappler (level 7, -4/57 HPs)
             Began as a Ghoul Delver on Feb 15, 2024.
             Slain by an acid dragon (10 damage)
             ... on level 5 of the Dungeon.
             The game lasted 00:05:34 (2633 turns).

zenocrate the Grappler (Ghoul Delver)               Turns: 2633, Time: 00:05:35

Health: -4/57      AC:  5    Str: 21    XL:     7   Next: 41%
Magic:  7/7        EV: 11    Int: 12    God:
Gold:   106        SH:  0    Dex: 10    Spells: 6/6 levels left

rFire   . .          .
                       - Unarmed
rCold   + . .        (no shield)
rNeg    + + +        a - +1 leather armour
rPois   ∞            i - +4 helmet of Bedevilment {Rampage Str+3 Int+3}
rElec   .            (no cloak)
rCorr   .            (no gloves)
SInv    +            (no boots)
Will    .....        p - amulet of the acrobat
Stlth   +++          r - ring of see invisible
HPRegen 0.00/turn    (no ring)
MPRegen 0.10/turn

%: acrobat, rampage
@: about to teleport, corroded, inhibited regen
A: claws 1, cold resistance 1, negative energy resistance 3, inhibited
regeneration, torment resistance 2, devour on kill
a: no special abilities


You were on level 5 of the Dungeon.
You visited 1 branch of the dungeon, and saw 3 of its levels.
You also visited: Sewer.

You collected 106 gold pieces.

Inventory:

Missiles
 e - 3 boomerangs (quivered)
Armour
 a - a +1 leather armour (worn)
 i - the +4 helmet of Bedevilment (worn) {Rampage Str+3 Int+3}
   (You found it on level 3 of the Dungeon)

   Str+3:     It affects your strength (+3).
   Int+3:     It affects your intelligence (+3).
   Rampage:   It bestows one free step when moving towards enemies.
Jewellery
 o - an amulet of guardian spirit
 p - an amulet of the acrobat (around neck)
 r - a ring of see invisible (left claw)
Wands
 f - a wand of digging (3)
Scrolls
 b - 2 scrolls of fog
 c - 3 scrolls of revelation
 d - 2 scrolls of identify
 g - a scroll of enchant armour
Potions
 h - 2 potions of mutation
 j - a potion of brilliance {unknown}
 l - 3 potions of heal wounds {unknown}
 m - a potion of magic {unknown}
 n - 2 potions of invisibility {unknown}
 q - a potion of ambrosia {unknown}
 s - a potion of haste
 t - a potion of lignification {unknown}


   Skills:
 - Level 3.2 Fighting
 - Level 1.7 Dodging
 - Level 5.4 Stealth
 * Level 8.8 Unarmed Combat


You had 6 spell levels left.
You didn't know any spells.
Your spell library contained the following spells:

 Spells                   Type           Power      Damage    Failure   Level
 Foxfire                  Conj/Fire      0%         2x1d4     36%         1
 Animate Armour           Summ/Erth      0%         N/A       98%         4
 Martyr's Knell           Necr/Summ      0%         N/A       98%         4
 Arcjolt                  Conj/Air       0%         1d10      100%        5
 Conjure Ball Lightning   Conj/Air       0%         3x3d6     100%        6
 Plasma Beam              Fire/Air       0%         2x1d10    100%        6
 Starburst                Conj/Fire      0%         6d3       100%        6
 Monstrous Menagerie      Summ           0%         N/A       100%        7
 Discord                  Hex            0%         N/A       100%        8
 Disjunction              Tloc           0%         N/A       100%        8


Dungeon Overview and Level Annotations

Branches:
Dungeon (5/15)              Sewer (visited)
 Temple: D:4-7

Altars:


Innate Abilities, Weirdness & Mutations

You are immune to poison.
You have sharp fingernails.
Your flesh is cold resistant. (rC+)
You are immune to negative energy. (rN+++)
You do not regenerate when monsters are visible.
You are immune to unholy pain and torment.
You thrive by killing the living.


Message History

You rampage towards the acid dragon!
You barely miss the acid dragon. The acid dragon closely misses you.
The acid dragon claws you.
You barely miss the acid dragon.
The acid dragon bites you but does no damage.
The acid dragon claws you but does no damage.
You scratch the acid dragon but do no damage.
The acid dragon bites you but does no damage.
The acid dragon claws you.
You closely miss the acid dragon. The acid dragon spits acid at you.
The splash of acid hits you! The acid corrodes you!
You closely miss the acid dragon. The acid dragon bites you.
The acid dragon barely misses you.
You scratch the acid dragon but do no damage.
The acid dragon bites you but does no damage.
The acid dragon claws you.
Unknown command.
You closely miss the acid dragon.
Unknown command.
Okay, then.
Okay, then.
As you read the scroll labelled XICRUS KIHU, it crumbles to dust.
It is a scroll of identify.
h - 2 potions of mutation The acid dragon bites you!
The acid dragon closely misses you.
As you read the scroll labelled PEMACH IKIETAI, it crumbles to dust.
It is a scroll of enchant armour.
Your +0 leather armour glows green for a moment.
The acid dragon barely misses you.
The acid dragon claws you but does no damage.
As you read the scroll labelled LONELIYKKITZ, it crumbles to dust.
You feel strangely unstable.
It was a scroll of teleportation.
The acid dragon spits acid at you. The splash of acid hits you!
* * * LOW HITPOINT WARNING * * *
You claw the acid dragon!
You claw the acid dragon, but do no damage.
The acid dragon is moderately wounded.
The acid dragon bites you!
You die...

#.....####..#...#
#
##..........##..#
....#####....#.###
##.......#
#.....#.#
#.#......
#.###..#.. #.# ..#
. #@# .# #D# .#
.?# #..# #... #...
.... #....


You could see an acid dragon (catching breath).

Vanquished Creatures
  Menkaure (D:4)
  A centaur (D:5)
  A kobold brigand (Sewer)
  A jelly (D:4)
  4 iguanas
  4 gnolls (D:3)
  6 adders
  A dart slug (D:3)
  A ribbon worm (D:3)
  4 orcs
  A bat (Sewer)
  5 endoplasms
  4 giant cockroaches
  2 goblins (D:4)
  3 hobgoblins
  2 jackals (D:4)
  2 ball pythons (D:3)
  4 frilled lizards
  13 kobolds
  2 rats (Sewer)
62 creatures vanquished.

Notes
Turn   | Place    | Note
-------+----------+-------------------------------------------
     0 | D:5      | zenocrate the Ghoul Delver began the quest for the Orb.
     0 | D:5      | Reached XP level 1. HP: 19/19 MP: 1/1
    25 | D:4      | Noticed an iguana
   220 | D:3      | Reached skill level 3 in Unarmed Combat
   220 | D:3      | Reached XP level 2. HP: 26/26 MP: 2/2
   278 | D:3      | Identified the +4 helmet of Bedevilment {Rampage Str+3
                  | Int+3}
   292 | D:3      | Found a glowing drain.
   318 | D:3      | Reached XP level 3. HP: 31/31 MP: 3/3
   335 | Sewer    | Entered a sewer
   377 | Sewer    | Reached skill level 4 in Unarmed Combat
   487 | Sewer    | Reached XP level 4. HP: 38/38 MP: 4/4
   525 | Sewer    | Noticed a kobold brigand
   536 | Sewer    | Killed a kobold brigand
   537 | Sewer    | Reached skill level 5 in Unarmed Combat
   537 | Sewer    | Reached XP level 5. HP: 45/45 MP: 5/5
   690 | D:3      | Reached skill level 6 in Unarmed Combat
   845 | D:3      | Got the Tome of Generative Air
  1374 | D:4      | Reached XP level 6. HP: 51/51 MP: 6/6
  1461 | D:4      | Reached skill level 7 in Unarmed Combat
  1574 | D:4      | Noticed Menkaure
  1597 | D:4      | Killed Menkaure
  1885 | D:4      | Reached skill level 8 in Unarmed Combat
  1885 | D:4      | Reached XP level 7. HP: 53/57 MP: 7/7
  2633 | D:5      | Slain by an acid dragon

Illustrated notes

Levels and vault maps discovered:
D:3:      layout_loops_corners, cheibrodos_sewer_entry_bend,
          grunt_decor_junction, grunt_decor_arrowhead
D:4:      layout_layer_cave, uniq_menkaure
D:5:      layout_rooms, mainiacjoe_overflow_tiny_flanked, kennysheep_path_1,
          minivault_26

Skill      XL: |  1  2  3  4  5  6 |
---------------+-------------------+-----
Unarmed Combat | 3 4 5 6 8 |  8.8
Fighting       | |  3.2
Dodging        | |  1.7
Stealth        | |  5.4

Action                     |  1- 3 |  4- 6 |  7- 9 || total
---------------------------+-------+-------+-------++-------
  Melee: Unarmed           |    64 |   101 |    33 ||   198
         Punch             |     1 |     3 |     2 ||     6
    Use: Scroll            |     1 |       |     3 ||     4
         Potion            |       |     1 |       ||     1
   Stab: Sleeping          |     3 |     8 |     2 ||    13
 Armour: Leather armour    |    75 |    40 |    30 ||   145
  Dodge: Dodged            |    68 |    50 |    28 ||   146

Table legend: (Time is in decaauts)
 A = Elapsed time spent in this place.
 B = Non-inter-level travel time spent in this place.
 C = Inter-level travel time spent in this place.
 D = Time resting spent in this place.
 E = Time spent auto-exploring this place.
 F = Levels seen in this place.
 G = Mean time per level.
                   A        B        C        D        E       F      G
               +--------+--------+--------+--------+--------+-----+--------+
         Total |   2614 |   2531 |     83 |     12 |   2046 |   4 |  653.5 |
       Dungeon |   2328 |   2245 |     83 |     12 |   1877 |   3 |  776.0 |
         Sewer |    286 |    286 |      0 |      0 |    168 |   1 |  286.0 |
               +--------+--------+--------+--------+--------+-----+--------+

Top non-repeatable levels by time:
     D:4: 1119 daAuts
     D:3: 1030 daAuts
   Sewer: 286 daAuts
     D:5: 178 daAuts
